 Dungeon Crawl Stone Soup version 0.18-a0-1577-gf591c28 (webtiles) character file.

11650 namename2 the Brawler (level 11, 0/94 HPs)
             Began as a Ghoul Monk on Mar 20, 2016.
             Was an Elder of Kikubaaqudgha.
             Slain by a minotaur (13 damage)
             ... in a labyrinth.
             The game lasted 00:59:55 (10815 turns).

namename2 the Brawler (Ghoul Monk)                 Turns: 10815, Time: 00:59:55

Health: 0/94       AC:  9    Str: 16    XL:     11   Next: 81%
Magic:  2/10       EV: 11    Int:  8    God:    Kikubaaqudgha [****..]
Gold:   642        SH:  0    Dex: 11    Spells: 2 memorised, 7 levels left

rFire  . . .     SeeInvis +       - Unarmed
rCold  + . .     Gourm    .     g - +0 scale mail
rNeg   + + +     Faith    .     (no shield)
rPois  ∞         Spirit   .     (no helmet)
rElec  .         Dismiss  .     K - +1 cloak
rCorr  .         Reflect  .     (no gloves)
SustAt .         Harm     .     (no boots)
MR     .....                    (no amulet)
Stlth  ..........               N - ring of see invisible
                                D - ring of wizardry

@: rotting, not resistant to hostile enchantments, extremely unstealthy
A: rotting body, claws 1, carnivore 3, cold resistance 1, negative energy
resistance 3, slow regeneration 1, torment resistance, unbreathing
a: Receive Corpses, Renounce Religion


You were in a labyrinth.
You worshipped Kikubaaqudgha.
Kikubaaqudgha was greatly pleased with you.
You were not hungry.

You visited 3 branches of the dungeon, and saw 15 of its levels.
You also visited: Labyrinth and Sewer.

You collected 642 gold pieces.

Inventory:

Hand Weapons
 r - a +0 blowgun
Missiles
 i - a throwing net (quivered)
 m - 8 javelins
 t - 36 poisoned needles
 v - 15 tomahawks
 V - 4 curare-tipped needles
Armour
 g - a +0 scale mail (worn)
 J - a troll hide {Purgy}
 K - a +1 cloak (worn)
Rods
 L - a +0 rod of shadows (9/9)
   (You found it on level 7 of the Dungeon)
Jewellery
 D - a ring of wizardry (left claw)
 F - the ring of Light {SustAt rC+}
   (You found it on level 5 of the Dungeon)

   [ring of sustain attributes]

   It sustains your strength, intelligence and dexterity.
   It protects you from cold.
 N - a ring of see invisible (right claw)
 Y - a +1 ring of evasion {unknown}
Wands
 f - a wand of disintegration (13/24)
 y - a wand of hasting (3/9)
 G - a wand of polymorph (6/24)
 O - a wand of lightning (0/15)
 Q - a wand of heal wounds (1/9)
 U - a wand of lightning (9/15)
 X - a wand of confusion (31/48)
Scrolls
 a - 4 scrolls of recharging {unknown}
 j - 4 scrolls of amnesia
 l - 3 scrolls of teleportation {unknown}
 o - 3 scrolls of noise {unknown}
 p - 2 scrolls of immolation {unknown}
 u - 2 scrolls of random uselessness
 w - 3 scrolls of enchant weapon {unknown}
 x - 2 scrolls of remove curse
 A - 2 scrolls of fog
 H - 4 scrolls of enchant armour {unknown}
 I - 2 scrolls of magic mapping
 R - a scroll of blinking
 T - a scroll of fear {unknown}
Potions
 c - a potion of might
 d - 8 potions of heal wounds
 e - 4 potions of resistance
 n - 4 potions of curing
 z - 2 potions of brilliance
 E - 7 potions of flight
 W - 2 potions of agility
Books
 s - Kikubaaqudgha's Grimoire of Evil
   (Kikubaaqudgha gifted it to you on level 2 of the Dungeon)

   Spells                             Type                      Level
   a - Animate Skeleton               Necromancy                   1
   b - Pain                           Necromancy                   1
   c - Corpse Rot                     Necromancy                   2
   d - Regeneration                   Charms/Necromancy            3
   e - Control Undead                 Necromancy                   4
 C - Kikubaaqudgha's Papyrus of Unholy Rituals
   (Kikubaaqudgha gifted it to you on level 4 of the Dungeon)

   Spells                             Type                      Level
   a - Bolt of Draining               Conjuration/Necromancy       5
   b - Agony                          Necromancy                   5
   c - Cigotuvi's Embrace             Necromancy                   5
   d - Dispel Undead                  Necromancy                   5
   e - Death Channel                  Necromancy                   6
 M - a book of Air

   Spells                             Type                      Level
   a - Shock                          Conjuration/Air              1
   b - Swiftness                      Charms/Air                   2
   c - Repel Missiles                 Charms/Air                   2
   d - Static Discharge               Conjuration/Air              3
   e - Lightning Bolt                 Conjuration/Air              5
Comestibles
 b - 9 meat rations
 h - 9 slices of pizza
 B - 3 royal jellies
 P - 3 beef jerkies


   Skills:
 - Level 8.0 Fighting
 - Level 5.0 Throwing
 - Level 3.2 Armour
 - Level 4.0 Dodging
 - Level 2.1 Stealth
 + Level 15.6 Unarmed Combat
 - Level 5.0 Necromancy


You had 7 spell levels left.
You knew the following spells:

 Your Spells              Type           Power        Failure   Level  Hunger
a - Animate Skeleton      Necr           N/A          9%          1    ##.....
b - Corpse Rot            Necr           N/A          12%         2    ###....


Dungeon Overview and Level Annotations

Branches:
Dungeon (12/15)            Temple (1/1) D:4            Lair (2/8) D:9
    Orc: D:9-12

Altars:
Ashenzari
Cheibriados
Dithmenos
Elyvilon
Fedhas
Gozag
Kikubaaqudgha
Makhleb
Nemelex Xobeh
Okawaru
Pakellas
Qazlal
Ru
Sif Muna
Trog
Vehumet
Xom
Yredelemnul
Zin
The Shining One

Shops:
D:7 (   D:11 *:


Innate Abilities, Weirdness & Mutations

Your body is rotting away.
You thrive on raw meat.
You are immune to poison.
You have sharp fingernails.
You are carnivorous and can eat meat at any time.
Your flesh is cold resistant.
You are immune to negative energy.
You regenerate slowly when monsters are visible.
You are immune to unholy pain and torment.
You can survive without breathing.


Message History

The minotaur barely misses your crocodile skeleton.
The minotaur gores your crocodile skeleton!
You scratch the minotaur but do no damage.
The minotaur is heavily wounded.
Your griffon skeleton bites the minotaur.
Your griffon skeleton pecks the minotaur but does no damage.
Your griffon skeleton claws the minotaur but does no damage.
Your crocodile skeleton bites the minotaur.
Your elf skeleton hits the minotaur.
You scratch the minotaur.
The minotaur is almost dead.
The minotaur hits you!
* * * LOW HITPOINT WARNING * * *
The minotaur gores you but does no damage.
Drink which item? (? for menu, Esc to quit)
You feel much better. The minotaur hits you!!
* * * LOW HITPOINT WARNING * * *
The minotaur gores you!
You die...
Kikubaaqudgha rasps: "You have failed me!
Welcome... oblivion!"

... ###.# #. .#
####.# #.. #.
#############
#.###.#. #
#.<..†ZZ#...
...#.. ..#.
###.###H#.#.
####.###. #
#..Z@.#.#.....#
#. # ###.####
.#####. #.#
#.#...... ... .
. ### #### #
### # . . ###.
. # #


You could see a minotaur, a friendly crocodile skeleton, a friendly griffon
skeleton and a friendly elf skeleton.

Vanquished Creatures
  Josephine (D:10)
  An unseen horror (D:12)
  2 hill giants (D:11)
  A black mamba (Lair:1)
  A spiny frog (Lair:1)
  A komodo dragon (D:12)
  2 two-headed ogres (D:8)
  A wyvern (D:9)
  5 wraiths (D:10)
  3 yaks (D:10)
  2 hogs (D:7)
  A human (D:7)
  A steam dragon (D:11)
  2 hippogriffs
  Edmund (D:5)
  5 hungry ghosts
  4 water moccasins
  2 porcupines (Lair:1)
  Purgy (Sewer)
  3 orc warriors
  A phantom (D:8)
  An ice beast (D:10)
  6 sky beasts
  A black bear (D:7)
  A wasp (D:8)
  An ogre (D:12)
  3 crocodiles (Lair:1)
  2 big kobolds (D:10)
  3 giant frogs
  A gnoll sergeant (D:8)
  A wyvern zombie (D:8)
  5 scorpions
  A wyvern skeleton (D:11)
  5 wights
  2 crimson imps
  2 giant frog zombies
  4 jellies
  6 hounds
  6 orc wizards
  2 centaur skeletons
  3 orc priests
  Crazy Yiuf (D:3)
  4 iguanas
  6 worker ants
  Natasha (D:2)
  2 sheep (D:7)
  2 hound skeletons (D:4)
  A howler monkey zombie (D:8)
  12 gnolls
  A worker ant zombie (D:6)
  11 adders
  24 river rats
  2 shadow imps (D:6)
  An adder skeleton (D:4)
  2 worms
  2 dart slugs
  11 giant geckos
  28 orcs
  7 bats
  6 giant cockroaches
  8 goblins
  4 hobgoblins
  11 jackals
  15 kobolds
  6 quokkas
  4 ball pythons
  8 giant newts
  A jackal zombie (D:8)
  18 rats
  A spectral orc (D:6)
297 creatures vanquished.

Vanquished Creatures (collateral kills)
  A porcupine (Lair:1)
  2 ice beasts
  An orc warrior (D:8)
  A crocodile (Lair:1)
  A giant frog (D:11)
  An iguana (Lair:1)
  An orc (D:8)
  3 kobolds (D:10)
11 creatures vanquished.

Vanquished Creatures (others)
  A fungus (Lair:2)
1 creature vanquished.

Grand Total: 309 creatures vanquished

Notes
Turn   | Place    | Note
--------------------------------------------------------------
     0 | D:1      | namename2 the Ghoul Monk began the quest for the Orb.
     0 | D:1      | Reached XP level 1. HP: 19/19 MP: 0/0
   168 | D:1      | Reached XP level 2. HP: 23/26 MP: 1/1
   210 | D:1      | Reached skill level 5 in Unarmed Combat
   309 | D:1      | Reached XP level 3. HP: 20/31 MP: 2/2
   528 | D:2      | Noticed Natasha
   882 | D:2      | Killed Natasha
   882 | D:2      | Reached skill level 6 in Unarmed Combat
   882 | D:2      | Reached XP level 4. HP: 12/38 MP: 3/3
  1028 | D:2      | Found an ancient bone altar of Kikubaaqudgha.
  1038 | D:2      | Found a blossoming altar of Fedhas.
  1043 | D:2      | Became a worshipper of Kikubaaqudgha
  1043 | D:2      | Reached * piety under Kikubaaqudgha
  1043 | D:2      | Received a gift from Kikubaaqudgha
  1043 | D:2      | Reached ** piety under Kikubaaqudgha
  1047 | D:2      | Identified Kikubaaqudgha's Grimoire of Evil (Kikubaaqudgha gifted it to you on level 2 of the Dungeon)
  1050 | D:2      | Learned a level 1 spell: Animate Skeleton
  1053 | D:2      | Learned a level 2 spell: Corpse Rot
  1353 | D:3      | Reached XP level 5. HP: 41/45 MP: 4/4
  1493 | D:3      | Found a snail-covered altar of Cheibriados.
  1502 | D:3      | Reached skill level 7 in Unarmed Combat
  1544 | D:3      | Noticed Crazy Yiuf
  1552 | D:3      | Killed Crazy Yiuf
  1552 | D:3      | Reached skill level 1 in Throwing
  1672 | D:4      | Found a glowing silver altar of Zin.
  1711 | D:4      | Reached XP level 6. HP: 14/52 MP: 5/5
  1842 | D:4      | Found a staircase to the Ecumenical Temple.
  1851 | Temple   | Entered the Ecumenical Temple
  2427 | D:4      | Reached *** piety under Kikubaaqudgha
  2427 | D:4      | Received a gift from Kikubaaqudgha
  2428 | D:4      | Identified Kikubaaqudgha's Papyrus of Unholy Rituals (Kikubaaqudgha gifted it to you on level 4 of the Dungeon)
  2486 | D:4      | Reached skill level 8 in Unarmed Combat
  2813 | D:5      | Entered Level 5 of the Dungeon
  2883 | D:5      | Got a twitching granite ring
  2885 | D:5      | Identified the ring of Light {SustAt rC+} (You found it on level 5 of the Dungeon)
  2893 | D:5      | Found a bloodstained altar of Trog.
  2893 | D:5      | Found a glowing golden altar of the Shining One.
  3047 | D:5      | Noticed Edmund
  3065 | D:5      | Killed Edmund
  3065 | D:5      | Reached XP level 7. HP: 30/59 MP: 6/6
  3219 | D:5      | Found a sacrificial altar of Ru.
  3359 | D:6      | Found a glowing drain.
  3379 | Sewer    | Entered a sewer
  3462 | Sewer    | Noticed Purgy
  3493 | Sewer    | Killed Purgy
  3707 | D:6      | Reached XP level 8. HP: 17/66 MP: 7/7
  3948 | D:6      | Found an oddly glowing altar of Pakellas.
  3963 | D:6      | Reached **** piety under Kikubaaqudgha
  3977 | D:6      | Reached skill level 5 in Throwing
  4101 | D:6      | Reached skill level 9 in Unarmed Combat
  4479 | D:6      | Found a basalt altar of Yredelemnul.
  4753 | D:7      | Identified a +0 rod of shadows (9/9) (You found it on level 7 of the Dungeon)
  4811 | D:7      | Reached skill level 10 in Unarmed Combat
  4824 | D:7      | Found an iron altar of Okawaru.
  4877 | D:7      | Found a shadowy altar of Dithmenos.
  4929 | D:7      | Found Xecret's Antique Weapon Shoppe.
  5004 | D:7      | Reached skill level 11 in Unarmed Combat
  5004 | D:7      | Reached XP level 9. HP: 63/71 MP: 8/8
  5500 | D:8      | Noticed a two-headed ogre
  5519 | D:8      | Killed a two-headed ogre
  5519 | D:8      | Reached skill level 12 in Unarmed Combat
  5575 | D:8      | Reached skill level 5 in Fighting
  5921 | D:8      | Reached skill level 1 in Necromancy
  6156 | D:8      | Noticed a two-headed ogre
  6183 | D:8      | Killed a two-headed ogre
  6183 | D:8      | Reached XP level 10. HP: 54/83 MP: 9/9
  6269 | D:8      | Reached skill level 5 in Necromancy
  6284 | D:8      | Reached skill level 1 in Armour
  6816 | D:9      | Found a staircase to the Lair.
  7398 | D:10     | Entered Level 10 of the Dungeon
  7790 | D:10     | Reached skill level 13 in Unarmed Combat
  8018 | D:10     | Noticed Josephine
  8046 | D:10     | Killed Josephine
  8046 | D:10     | Reached skill level 14 in Unarmed Combat
  8098 | D:10     | Reached XP level 11. HP: 36/89 MP: 6/10
  8388 | D:11     | Noticed a hill giant
  8419 | D:11     | Killed a hill giant
  8519 | D:11     | Noticed a hill giant
  8549 | D:11     | Killed a hill giant
  8622 | D:11     | Found Wuyfoemi's Demolitions Depot.
  8648 | D:11     | Reached skill level 15 in Unarmed Combat
  8693 | D:11     | Found Jaromum's Book Boutique.
  9168 | D:12     | Noticed an unseen horror
  9175 | D:12     | Killed an unseen horror
  9380 | Lair:1   | Entered Level 1 of the Lair of Beasts
 10350 | Lair:2   | Reached ***** piety under Kikubaaqudgha
 10420 | Lair:2   | Found a labyrinth entrance.
 10429 | Lab      | Entered a labyrinth
 10801 | Lab      | Noticed a minotaur
 10815 | Lab      | Slain by a minotaur

Vault maps used:
D:1:      grunt_arrival_crossed_arrows
D:2:      grunt_temple_overflow_growth_and_decay, uniq_natasha
D:3:      cheibriados_altar_1, uniq_crazy_yiuf_cottage
D:4:      lemuel_doored_altar, minmay_temple_entry_purple_smoke, st_stairs_7
D:5:      nicolae_ru_sacrificial_ziggurat, grunt_temple_overflow_open,
          first_bread, uniq_edmund
D:6:      yredelemnul_forgotten_temple_becter, grunt_pakellas_mercury,
          portal_sewer_entry_f
D:7:      kennysheep_okawaru_gauntlet, serial_shops, shop, grunt_livestock,
          nicolae_dithmenos_shadow_blocks
D:8:      nicolae_underground_beach
D:9:      lair_0_dummy
D:10:     uniq_josephine
D:11:     serial_shops, shop, nicolae_blasting_shop
D:12:     minmay_orc_entry_temple_large, minmay_misc_feat_nine_boxes,
          uniq_azrael
Temple:   triangle_lava_temple_11
Lair:1:   grunt_megastairs_3, lemuel_fruit_tree
Lair:2:   lab_entry_generic, beast_lair_carwin_4
Lab:      nicolae_lab_very_dead_end, nicolae_lab_blocks, nicolae_lab_grate_2,
          nicolae_lab_arrow
Sewer:    sewer_co_purgy_island

Skill      XL: |  1  2  3  4  5  6  7  8  9 10 11 |
---------------+----------------------------------+-----
Unarmed Combat | 5 6 7 8 11 12 14 15 | 15.6
Throwing       | 1 2 4 5 |  5.0
Fighting       | 4 6 8 |  8.0
Necromancy     | 4 5 |  5.0
Armour         | 3 |  3.2
Dodging        | 4 |  4.0
Stealth        | |  2.1

Action                   |  1- 3 |  4- 6 |  7- 9 | 10-12 || total
-------------------------+-------+-------+-------+-------++-------
Melee: Unarmed           |   108 |   217 |   338 |   478 ||  1141
 Fire: Blowgun           |       |     6 |    67 |    15 ||    88
Throw: Stone             |     1 |     1 |    20 |     5 ||    27
       Throwing net      |     1 |     1 |       |     1 ||     3
       Tomahawk          |       |     4 |     4 |     3 ||    11
 Cast: Animate Skeleton  |       |       |       |    53 ||    53
       Corpse Rot        |       |       |       |     2 ||     2
Invok: Receive Corpses   |       |       |     1 |    10 ||    11
Evoke: Wand              |       |       |     1 |     7 ||     8
  Use: Scroll            |       |     4 |     7 |     9 ||    20
       Potion            |       |       |       |     3 ||     3
 Stab: Distracted        |       |       |       |     3 ||     3
       Held in net/web   |       |       |       |     2 ||     2
  Eat: Chunk             |    12 |    24 |    43 |    79 ||   158
